 Dungeon Crawl Stone Soup version 0.24-a0-525-g9231cdcba1 (webtiles) character file.

Game seed: 3283282354708495864

1272 Mithandil the Conjurer (level 8, -8/41 HPs)
             Began as a Deep Elf Conjurer on Aug 1, 2019.
             Killed from afar by an orc wizard (12 damage)
             ... with a puff of flame
             ... on level 6 of the Dungeon.
             The game lasted 00:41:31 (7087 turns).

Mithandil the Conjurer (Deep Elf Conjurer)          Turns: 7087, Time: 00:41:32

Health: -8/41      AC:  3    Str:  7    XL:     8   Next: 28%
Magic:  3/29       EV: 14    Int: 21    God:
Gold:   190        SH:  0    Dex: 15    Spells: 6/20 levels left

rFire    . . .     SeeInvis .   a - +0 dagger
rCold    . . .     Gourm    .   (no shield)
rNeg     . . .     Faith    .   s - +0 leather armour
rPois    .         Spirit   .   (no helmet)
rElec    .         Reflect  .   h - scarf {repulsion}
rCorr    .         Harm     .   (no gloves)
MR       .....                  (no boots)
Stlth    +++.......             (no amulet)
HPRegen  0.13/turn              B - ring of magical power
MPRegen  0.21/turn              (no ring)

@: very slightly contaminated, repel missiles
A: no striking features
a: no special abilities


You were on level 6 of the Dungeon.
You were hungry.

You visited 1 branch of the dungeon, and saw 6 of its levels.

You collected 190 gold pieces.

Inventory:

Hand Weapons
 a - a +0 dagger (weapon)
 b - a +4 quarterstaff
 E - a +0 short sword
Missiles
 i - 71 arrows
 n - 7 boomerangs (quivered)
 q - a throwing net
 F - 8 silver javelins
Armour
 h - a scarf of repulsion (worn)
 s - a +0 leather armour (worn)
Jewellery
 B - a ring of magical power (left hand)
Wands
 o - a wand of paralysis (19)
 t - a wand of digging (6)
 C - a wand of enslavement (10)
Scrolls
 e - 4 scrolls of identify
 f - 2 scrolls of magic mapping {unknown}
 l - 2 scrolls of enchant armour {unknown}
 p - a scroll of blinking {unknown}
 r - a scroll of teleportation {unknown}
 u - 4 scrolls of amnesia {unknown}
 x - 2 scrolls of remove curse {unknown}
 y - a scroll of fog {unknown}
 D - a scroll of enchant weapon {unknown}
Potions
 d - a potion of ambrosia {unknown}
 g - a potion of mutation {unknown}
 j - a potion of curing {unknown}
 k - a potion of haste {unknown}
 m - a potion of heal wounds
 v - a potion of brilliance {unknown}
 w - a potion of invisibility {unknown}
 z - a potion of degeneration {unknown}
 A - a potion of flight {unknown}
Comestibles
 c - 15 rations
 G - 2 chunks of flesh


   Skills:
 * Level 2.8 Short Blades
 - Level 1.0 Throwing
 + Level 4.6 Dodging
 + Level 4.9 Stealth
 * Level 6.7 Spellcasting
 * Level 6.8 Conjurations
 + Level 2.4 Hexes
 + Level 2.8 Translocations
 + Level 3.0 Evocations


You had 6 spell levels left.
You knew the following spells:

 Your Spells              Type           Power        Failure   Level  Hunger
a - Magic Dart            Conj           ####         1%          1    None
b - Searing Ray           Conj           #####.       1%          2    None
c - Force Lance           Conj/Tloc      ####....     19%         4    ###....
d - Iskenderun's Mystic   Conj           #####...     9%          4    ###....
s - Dazzling Spray        Conj/Hex       ####..       6%          3    #......

Your spell library contained the following spells:

 Spells                   Type           Power        Failure   Level  Hunger
 Beastly Appendage        Tmut           #.....       14%         1    None
 Sticks to Snakes         Tmut           #.......     21%         2    None
 Fulminant Prism          Conj/Hex       ####......   21%         4    ###....
 Spider Form              Tmut/Pois      #.........   38%         3    #......
 Ice Form                 Ice/Tmut       #.......     80%         4    ###....
 Blade Hands              Tmut           #.........   98%         5    #####..


Dungeon Overview and Level Annotations

Branches:
Dungeon (6/15)
 Temple: D:4-7

Altars:
Cheibriados
Ru
Xom


Message History

Press: ? - help, Shift-Dir - straight line The searing ray hits something. (Press . to maintain the ray.)
You hear some strange, mumbled words.
A puff of flame appears from out of thin air!
The puff of flame hits you.
You hear some strange, mumbled words.
A magic dart appears from out of thin air!
The magic dart hits you!
* * * LOW HITPOINT WARNING * * *
You miss something. Something hits you but does no damage.
You hit something but do no damage.
You hear some strange, mumbled words.
A magic dart appears from out of thin air!
The magic dart hits you!
* * * LOW HITPOINT WARNING * * *
You hear some strange, mumbled words.
A puff of flame appears from out of thin air!
The puff of flame hits you!
You die...

#.<#..........(...
#..# #.# ....# #.#
#.# ####.# #.# #.#
#.# #.# #.# #.#
#)# #.# #.# #.#
#.# #.# #.# #.#
#@# #.# #.# #<#
######.# #.#
#......# #.#
###.##.########.#
..............>..#
.....#############
.###


There were no monsters in sight!

Vanquished Creatures
  A hungry ghost (D:3)
  2 ice beasts (D:4)
  An ogre (D:4)
  Blork the orc (D:4)
  2 howler monkeys
  2 crimson imps (D:5)
  A centaur zombie (D:5)
  A jelly (D:5)
  An orc priest (D:5)
  2 hounds
  4 orc wizards
  A centaur skeleton (D:4)
  4 worker ants
  Ijyb (D:3)
  Robin (D:4)
  3 gnolls
  6 adders
  4 oozes
  An adder skeleton (D:6)
  5 worms
  2 dart slugs (D:1)
  A leopard gecko (D:4)
  13 orcs
  A ball python (D:1)
  4 bats
  9 giant cockroaches
  16 goblins
  16 hobgoblins
  4 jackals (D:3)
  A quokka (D:2)
  6 frilled lizards
  A jackal skeleton (D:4)
  9 kobolds
  A leopard gecko zombie (D:5)
  8 rats
136 creatures vanquished.

Notes
Turn   | Place    | Note
-------+----------+-------------------------------------------
     0 | D:1      | Mithandil the Deep Elf Conjurer began the quest for the
                  | Orb.
     0 | D:1      | Reached XP level 1. HP: 10/10 MP: 6/6
   278 | D:1      | Reached XP level 2. HP: 3/15 MP: 5/8
   874 | D:1      | Reached XP level 3. HP: 19/19 MP: 8/10
  1502 | D:1      | Learned a level 2 spell: Searing Ray
  1959 | D:2      | Reached skill level 1 in Throwing
  1959 | D:2      | Reached skill level 5 in Conjurations
  1959 | D:2      | Reached XP level 4. HP: 24/24 MP: 6/12
  1965 | D:2      | Learned a level 4 spell: Force Lance
  1970 | D:2      | Learned a level 4 spell: Iskenderun's Mystic Blast
  2585 | D:2      | Reached XP level 5. HP: 25/28 MP: 10/13
  2747 | D:2      | HP: 1/28 [something (1)]
  3025 | D:3      | Reached skill level 1 in Evocations
  3072 | D:3      | Reached skill level 1 in Translocations
  3318 | D:3      | Noticed a hungry ghost
  3328 | D:3      | Killed a hungry ghost
  3328 | D:3      | Reached skill level 5 in Spellcasting
  3328 | D:3      | Reached XP level 6. HP: 27/32 MP: 3/15
  3360 | D:5      | Entered Level 5 of the Dungeon
  3360 | D:5      | Found a sacrificial altar of Ru.
  3404 | D:4      | Noticed Ijyb
  3404 | D:4      | Noticed Robin
  3415 | D:3      | Killed Ijyb
  4391 | D:4      | Learned a level 3 spell: Dazzling Spray
  4431 | D:4      | Killed Robin
  4495 | D:4      | Reached XP level 7. HP: 10/36 MP: 0/17
  5116 | D:5      | Found a shimmering altar of Xom.
  5135 | D:4      | Reached skill level 1 in Short Blades
  5178 | D:4      | Noticed Blork the orc
  5202 | D:4      | Reached skill level 1 in Hexes
  5329 | D:4      | Killed Blork the orc
  5733 | D:4      | Found a snail-covered altar of Cheibriados.
  6305 | D:5      | Reached XP level 8. HP: 41/41 MP: 16/19
  6377 | D:5      | Found a shimmering altar of Xom.
  6378 | D:5      | Found a shimmering altar of Xom.
  6380 | D:5      | Found a shimmering altar of Xom.
  6382 | D:5      | Found a shimmering altar of Xom.
  6543 | D:5      | Got a pitted scale mail
  6548 | D:5      | Found a shimmering altar of Xom.
  6559 | D:6      | Noticed a hippogriff
  6577 | D:5      | Found a shimmering altar of Xom.
  7087 | D:6      | Killed from afar by an orc wizard

Levels and vault maps discovered:
D:1:      dpeg_arrival_chambers_temple_mockup, layout_basic
D:2:      layout_loops_corners
D:3:      layout_loops_corners
D:4:      layout_rooms, kennysheep_mini_moat, serial_glass, glass_columns_c,
          glass_columns_c, hangedman_decor_points, minmay_box_of_dots,
          uniq_ijyb, uniq_blork_the_orc, uniq_robin
D:5:      layout_basic, nicolae_ru_awakened_eye, first_ration,
          nicolae_xom_altar_mimics
D:6:      cheibrodos_fzero, layout_loops_ring, minitemple,
          okawaru_metal_pillars_1_2

Skill      XL: |  1  2  3  4  5  6  7  8 |
---------------+-------------------------+-----
Spellcasting   | 4 5 6 |  6.7
Stealth        | 3 4 |  4.9
Throwing       | 1 |  1.0
Conjurations   | 5 6 |  6.8
Dodging        | 3 4 |  4.6
Evocations     | 1 2 3 |  3.0
Translocations | 1 2 |  2.8
Short Blades   | 2 |  2.8
Hexes          | 1 2 |  2.4

Action                   |  1- 3 |  4- 6 |  7- 9 || total
-------------------------+-------+-------+-------++-------
Melee: Club              |     6 |       |       ||     6
       Dagger            |     1 |    78 |    25 ||   104
Throw: Boomerang         |       |     1 |       ||     1
 Cast: Magic Dart        |    67 |    94 |    73 ||   234
       Searing Ray       |       |    22 |    29 ||    51
       Iskenderun's Myst |       |     1 |     2 ||     3
       Dazzling Spray    |       |     1 |       ||     1
  Use: Potion            |       |     1 |     1 ||     2
       Scroll            |       |       |     4 ||     4
 Stab: Distracted        |     1 |     1 |     1 ||     3
       Sleeping          |       |       |     1 ||     1
  Eat: Chunk             |     3 |     9 |     8 ||    20
Armor: Robe              |     4 |       |       ||     4
       Leather armour    |     2 |    25 |    22 ||    49
Dodge: Dodged            |    24 |    87 |    52 ||   163
       Deflected         |     2 |     2 |       ||     4

Table legend:
 A = Non-vault XP
 B = Vault XP
 C = Vault XP percentage of total XP
 D = Non-vault monster count
 E = Vault monster count
 F = Vault count percentage of total count
                 A         B        C        D         E       F
            +---------+---------+-------+---------+---------+-------
      Total |    1445 |     373 |  20.5 |     116 |      20 |  14.7
            +---------+---------+-------+---------+---------+-------
        D:1 |      66 |       0 |   0.0 |      21 |       0 |   0.0
        D:2 |     133 |       0 |   0.0 |      27 |       0 |   0.0
        D:3 |     308 |      35 |  10.2 |      34 |       1 |   2.9
        D:4 |     495 |     178 |  26.4 |      17 |      14 |  45.2
        D:5 |     396 |       0 |   0.0 |      15 |       0 |   0.0
        D:6 |      47 |     160 |  77.3 |       2 |       5 |  71.4
            +---------+---------+-------+---------+---------+-------
